 Dungeon Sprint DCSS version 0.24-a0-226-gca05e9d (console) character file.

Game seed: 6547700830770432949

1113 bli the Grappler (level 8, -17/93 HPs)
             Began as a Troll Monk on Mar 31, 2019.
             Shot with a bolt by a yaktaur captain (23 damage)
             ... in the Dungeon (Sprint II: "The Violet Keep of Menkaure").
             The game lasted 00:07:19 (307 turns).

bli the Grappler (Troll Monk)                        Turns: 307, Time: 00:07:20

Health: -17/93     AC:  8    Str: 20    XL:     8   Next: 11%
Magic:  7/7        EV: 14    Int:  6    God:
Gold:   606        SH:  0    Dex: 14    Spells: 7/7 levels left

rFire    . . .     SeeInvis .     - Unarmed
rCold    . . .     Gourm    +   (no shield)
rNeg     . . .     Faith    .   a - +0 robe
rPois    .         Spirit   .   (helmet restricted)
rElec    .         Reflect  .   i - +1 cloak
rCorr    .         Harm     .   (gloves unavailable)
MR       .....     NoTele   +   (boots unavailable)
Stlth    ++........             (no amulet)
HPRegen  0.65/turn              (no ring)
MPRegen  0.10/turn              (no ring)

@: very slow
A: large, unfitting armour, claws 3, deterioration 1, fast metabolism 3,
gourmand, regeneration 1, shaggy fur 1, tough skin 3
a: no special abilities


You were in the Dungeon.
You were very full.

You visited 1 branch You collected 733 gold pieces.
You spent 127 gold pieces at shops.

Inventory:

Armour
 a - a +0 robe (worn)
 i - a +1 cloak (worn)
Scrolls
 h - a scroll of blinking
Potions
 c - a potion of curing
 d - a potion of heal wounds
 e - a potion of haste
 f - 2 potions of magic
 g - a potion of berserk rage
Comestibles
 b - 2 rations
 j - 5 chunks of flesh


   Skills:
 * Level 10.0 Fighting
 + Level 7.5 Dodging
 - Level 1.0 Stealth
 + Level 11.1 Unarmed Combat


You had 7 spell levels left.
You didn't know any spells.
Your spell library was empty.

Dungeon Overview and Level Annotations

Branches:
Dungeon (1/1)

Altars:

Shops:
D !=::?%[}%[[!(:=!

Annotations:
D exclusion: oklob plant, Kirke


Innate Abilities, Weirdness & Mutations

You are too large for most types of armour.
You have claws for hands.
Your metabolism is lightning-fast.
You like to eat raw meat.
Your natural rate of healing is unusually fast.
You are covered in fur. (AC +1)
You have extremely tough skin. (AC +3)
Your body sometimes deteriorates upon taking damage.


Message History

Deactivating autopickup; reactivate with Ctrl-A.
The yaktaur captain wields a +0 arbalest of flaming.
It bursts into flame!
The yaktaur captain shoots a bolt.
The bolt hits you!! The bolt burns you.
You hear a splash.
You see here a bolt.
An elephant comes into view.
The yaktaur captain shoots a bolt.
The bolt hits you!! The bolt burns you!
You hear a splash.
The elephant moves out of view.
You see here a bolt.
A kobold demonologist, a centaur warrior and a skeletal warrior come into view.
The kobold demonologist is wielding a +1 vampiric dagger.
The centaur warrior shouts!
The yaktaur captain shoots a bolt.
The bolt hits you!!
* * * LOW HITPOINT WARNING * * *
The bolt burns you.
* * * LOW HITPOINT WARNING * * *
You hear a splash.
The yaktaur captain shoots a bolt.
The bolt hits you!!
You die...

+#### §§§≈§§≈##
§§§≈≈≈≈## ### §§8§§≈≈≈#
#.cz#### §§§≈§≈
#KY.c.≈## ≈§≈§
############@≈#+++#+++##
###########≈≈(.........#
##........#≈≈≈(.##'##..#
##....⌠...#≈≈≈≈###..##
##...∩.∩..#≈≈≈≈#.##..#
##..∩.∩.∩.#≈≈####.#.##
##.∩.∩.∩.∩#≈##.###'## #
##∩.∩...∩.#≈#.#.##.## .#
##.∩.....∩'≈'.##'.<.+
.##
##∩.......#≈#..###.##
....
#▓▓▓▓▓▓▓###≈##.###'##
#....


You could see a yaktaur captain, an elephant, a skeletal warrior, a centaur
warrior and a kobold demonologist.

Vanquished Creatures
  A merfolk siren (D)
  A blink frog (D)
  4 neqoxecs (D)
  Menkaure (D)
  3 worms (D)
10 creatures vanquished.

Notes
Turn   | Place    | Note
-------+----------+-------------------------------------------
     0 | D        | bli the Troll Monk began the quest for the Orb.
     0 | D        | Reached XP level 1. HP: 22/22 MP: 0/0
    22 | D        | Reached XP level 2. HP: 11/31 MP: 1/1
    41 | D        | Noticed an orange crystal statue
    43 | D        | Noticed Menkaure
    44 | D        | Found Wotetila's Jewellery Shoppe.
    44 | D        | Found Ziskex's Distillery.
    49 | D        | Killed Menkaure
    49 | D        | Reached skill level 6 in Unarmed Combat
    49 | D        | Reached XP level 3. HP: 8/44 MP: 2/2
    49 | D        | Reached XP level 4. HP: 10/52 MP: 3/3
    50 | D        | Found Vaymaesm's Antique Weapon Emporium.
    50 | D        | Found Fisam's Book Shoppe.
    51 | D        | Found Giepurue's Antique Armour Shoppe.
    51 | D        | Found Veotzi's Distillery.
    52 | D        | Found Cine's Antique Armour Shoppe.
    53 | D        | Found Giuck's Food Shoppe.
    53 | D        | Found Obiomiuj's Gadget Emporium.
    54 | D        | Found Hace Exuo's Antique Armour Shoppe.
    54 | D        | Found Tarer's Food Emporium.
    54 | D        | Noticed a manticore
    54 | D        | Noticed a manticore
    63 | D        | Found Gapokuv's Magic Scroll Shoppe.
    63 | D        | Found Sitappul's Book Emporium.
    63 | D        | Noticed a manticore
    63 | D        | Noticed an oklob plant
    64 | D        | Found Nuilloph's Jewellery Shoppe.
    64 | D        | Found Dud Hoa's Distillery.
    64 | D        | Found Vomasey's Book Shoppe.
    71 | D        | Noticed a slime creature
    72 | D        | Noticed a slime creature
    72 | D        | Noticed a slime creature
    74 | D        | Noticed an ice dragon
    86 | D        | Bought an embroidered cloak for 127 gold pieces
    96 | D        | Noticed a neqoxec
    96 | D        | Noticed a neqoxec
    96 | D        | Noticed a neqoxec
    96 | D        | Noticed a neqoxec
   107 | D        | Killed a neqoxec
   107 | D        | Reached skill level 5 in Dodging
   107 | D        | Reached skill level 7 in Unarmed Combat
   107 | D        | Reached XP level 5. HP: 38/62 MP: 4/4
   109 | D        | Killed a neqoxec
   109 | D        | Reached skill level 8 in Unarmed Combat
   109 | D        | Reached XP level 6. HP: 45/72 MP: 5/5
   112 | D        | Killed a neqoxec
   112 | D        | Reached skill level 9 in Unarmed Combat
   116 | D        | Gained mutation: Your body sometimes deteriorates upon
                  | taking damage. [a neqoxec]
   119 | D        | Killed a neqoxec
   119 | D        | Reached XP level 7. HP: 45/83 MP: 6/6
   206 | D        | Noticed a blink frog
   216 | D        | Killed a blink frog
   216 | D        | Reached skill level 10 in Unarmed Combat
   266 | D        | Noticed a merfolk siren
   270 | D        | Killed a merfolk siren
   270 | D        | Reached skill level 10 in Fighting
   270 | D        | Reached skill level 11 in Unarmed Combat
   270 | D        | Reached XP level 8. HP: 74/93 MP: 7/7
   305 | D        | Noticed Kirke
   305 | D        | Noticed a yaktaur captain
   306 | D        | Noticed an elephant
   307 | D        | Noticed a centaur warrior
   307 | D        | Noticed a kobold demonologist
   307 | D        | Noticed a skeletal warrior
   307 | D        | Shot with a bolt by a yaktaur captain

Levels and vault maps discovered:
D:        the_violet_keep_of_menkaure [sprint2_stairs_cluster_1,
          sprint2_shoproom, sprint2_temple, sprint2_basic_supplies,
          sprint2_obstacle_5, sprint2_obstacle_7, sprint2_obstacle_4,
          sprint2_obstacle_3, sprint2_obstacle_1, sprint2_timed_cluster_1,
          sprint2_smallroom_cluster_1, sprint2_smallroom_final_cluster_1,
          sprint2_transparent_cluster_1, sprint2_second_timed_cluster_1,
          sprint2_sniper_area_1, sprint2_heavy_combat_area_1,
          sprint2_mutation_trap_area_1, sprint2_forest_area_1,
          sprint2_light_combat_area_1, sprint2_behind_water_1,
          sprint2_near_end_vault_1]

Skill      XL: |  1  2  3  4  5  6  7 |
---------------+----------------------+-----
Fighting       | 3 6 7 8 9 10 | 10.0
Dodging        | 3 4 5 6 7 |  7.5
Unarmed Combat | 6 7 8 9 11 | 11.1
Stealth        | |  1.0

Action                   |  1- 3 |  4- 6 |  7- 9 || total
-------------------------+-------+-------+-------++-------
Melee: Unarmed           |    22 |    21 |     6 ||    49
 Stab: Sleeping          |     1 |       |       ||     1
  Eat: Chunk             |     6 |       |     2 ||     8
Armor: Robe              |     1 |     4 |       ||     5
Dodge: Dodged            |     2 |     6 |     2 ||    10

Table legend:
 A = Non-vault XP
 B = Vault XP
 C = Vault XP percentage of total XP
 D = Non-vault monster count
 E = Vault monster count
 F = Vault count percentage of total count
                 A         B        C        D         E       F
            +---------+---------+-------+---------+---------+-------
      Total |       0 |    1590 | 100.0 |       0 |      10 | 100.0
            +---------+---------+-------+---------+---------+-------
          D |       0 |    1590 | 100.0 |       0 |      10 | 100.0
            +---------+---------+-------+---------+---------+-------
